 Dungeon Crawl Stone Soup version 0.23-a0-164-g7711e572f3 (webtiles) character file.

39 Napalmbreeze the Firebug (level 3, -2/26 HPs)
             Began as a Draconian Fire Elementalist on Sept 10, 2018.
             Killed from afar by Terence (9 damage)
             ... with a wand of flame (17)
             ... on level 2 of the Dungeon.
             The game lasted 00:03:54 (1437 turns).

Napalmbreeze the Firebug (DrFE)                     Turns: 1437, Time: 00:03:54

Health: -2/26      AC:  5    Str: 10    XL:     3   Next: 28%
Magic:  1/6        EV: 12    Int: 16    God:
Gold:   168        SH:  0    Dex: 11    Spells: 2/6 levels left

rFire    . . .     SeeInvis .   d - +0 whip
rCold    . . .     Gourm    .   (no shield)
rNeg     . . .     Faith    .   (armour unavailable)
rPois    .         Spirit   .   (helmet restricted)
rElec    .         Reflect  .   (no cloak)
rCorr    .         Harm     .   (no gloves)
MR       .....                  (no boots)
Stlth    ++........             (no amulet)
HPRegen  0.08/turn              (no ring)
MPRegen  0.10/turn              (no ring)

@: no status effects
A: unfitting armour, cold-blooded, AC +5
a: no special abilities


You were on level 2 of the Dungeon.
You were not hungry.

You visited 1 branch of the dungeon, and saw 2 of its levels.

You collected 168 gold pieces.

Inventory:

Hand Weapons
 c - a +0 hunting sling
 d - a +0 whip (weapon)
Missiles
 f - 28 poisoned needles
Scrolls
 a - a scroll of identify {unknown}
 h - a scroll of fear {unknown}
Potions
 e - 2 potions of flight {unknown}
 g - 2 potions of lignification {unknown}
Comestibles
 b - 2 rations


   Skills:
 - Level 1.7 Dodging
 - Level 1.7 Stealth
 + Level 2.4 Spellcasting
 * Level 2.4 Conjurations
 + Level 3.3 Fire Magic


You had 2 spell levels left.
You knew the following spells:

 Your Spells              Type           Power        Failure   Level  Hunger
a - Flame Tongue          Conj/Fire      ##...        6%          1    #......
d - Conjure Flame         Conj/Fire      ##......     19%         3    ###....

Your spell library contained the following spells:

 Spells                   Type           Power        Failure   Level  Hunger
 Throw Flame              Conj/Fire      ##....       9%          2    ###....
 Inner Flame              Hex/Fire       #.......     30%         3    ###....
 Sticky Flame             Conj/Fire      ##......     52%         4    #####..
 Fireball                 Conj/Fire      ##........   86%         5    ######.


Dungeon Overview and Level Annotations

Branches:
Dungeon (2/15)

Altars:
Hepliaklqana
Qazlal
Wu Jian

Annotations:
D:2 Terence


Innate Abilities, Weirdness & Mutations

Your plain brown scales are hard. (AC +5)
You cannot fit into any form of body armour.
You are cold-blooded and may be slowed by cold attacks.


Message History

Terence zaps a wand.
The puff of flame hits you!
Ouch! That really hurt!
* * * LOW HITPOINT WARNING * * *
Casting: Flame Tongue (safe; 6% risk of failure)
Confirm with . or Enter, or press ? or * to list all spells.
Aiming: Flame Tongue (safe; 6% risk of failure)
Press: ? - help, Shift-Dir - straight line, f/p - Terence
Aim: Terence, wielding a mace, wearing a scale mail and carrying a wand of The flame tongue hits Terence.
Terence is almost dead.
Terence closely misses you.
Casting: Flame Tongue (safe; 6% risk of failure)
Confirm with . or Enter, or press ? or * to list all spells.
Aiming: Flame Tongue (safe; 6% risk of failure)
Press: ? - help, Shift-Dir - straight line, f/p - Terence
Aim: Terence, wielding a mace, wearing a scale mail and carrying a wand of The flame tongue hits Terence.
Terence appears unharmed.
Terence is almost dead.
Terence zaps a wand.
The puff of flame hits you!
You die...

. #_.. #..#..# ###
##### #..#..# #.._#_..#
#..#..#
#...#...####..#..#
.....#....##......#
..@#####..##......#
......@.>.......#.# #
.#.#######@#..#.##.####
#.@............#
##.######.##.####
...........# #
###.####.#....# #.
#.###### #. #.# #. #.#
.. #.#########
#.........#


You could see Terence.

Vanquished Creatures
  A gnoll (D:1)
  A leopard gecko (D:1)
  A ball python (D:1)
  3 giant cockroaches (D:1)
  4 goblins (D:1)
  5 hobgoblins (D:1)
  3 bats (D:1)
  A frilled lizard (D:1)
  4 kobolds (D:1)
  6 rats (D:1)
  A fungus (D:1)
30 creatures vanquished.

Notes
Turn   | Place    | Note
-------+----------+-------------------------------------------
     0 | D:1      | Napalmbreeze the Draconian Fire Elementalist began the
                  | quest for the Orb.
     0 | D:1      | Reached XP level 1. HP: 14/14 MP: 3/3
   104 | D:1      | Reached XP level 2. HP: 20/20 MP: 3/5
   509 | D:1      | Reached XP level 3. HP: 11/26 MP: 2/6
  1378 | D:2      | Learned a level 3 spell: Conjure Flame
  1413 | D:2      | Found a stormy altar of Qazlal.
  1413 | D:2      | Found an ornate altar of the Wu Jian Council.
  1415 | D:2      | Found a hazy altar of Hepliaklqana.
  1418 | D:2      | Noticed Terence
  1437 | D:2      | Killed from afar by Terence

Vault maps used:
D:1:      elethiomel_arrival_shortcut, kennysheep_small_spiral,
          minmay_gold_behind_fungi, minmay_cut_off
D:2:      nicolae_overflow_quartered_altars, minmay_divided_ellipse,
          uniq_natasha, uniq_terence, uniq_crazy_yiuf_cottage

Skill      XL: |  1  2 |
---------------+-------+-----
Conjurations   | 2 |  2.4
Dodging        | |  1.7
Stealth        | |  1.7
Spellcasting   | |  2.4
Fire Magic     | |  3.3

Action                   || total
-------------------------++-------
Melee: Unarmed           ||    19
       Tailslap          ||    15
       Whip              ||    94
 Cast: Flame Tongue      ||    27
 Stab: Sleeping          ||     1
  Eat: Ration            ||     1
Armor: Skin              ||    21
Dodge: Dodged            ||    65

Table legend:
 A = Non-vault XP
 B = Vault XP
 C = Vault XP percentage of total XP
 D = Non-vault monster count
 E = Vault monster count
 F = Vault count percentage of total count
                 A         B        C        D         E       F
            +---------+---------+-------+---------+---------+-------
      Total |      37 |      20 |  35.1 |      23 |       6 |  20.7
            +---------+---------+-------+---------+---------+-------
        D:1 |      37 |      20 |  35.1 |      23 |       6 |  20.7
            +---------+---------+-------+---------+---------+-------
